 Dungeon Crawl Stone Soup version 0.30.0-21-gd299b56b3f (webtiles) character file.

Game seed: 10209468441485670036

1012 qw the Chopper (level 8, -3/49 HPs)
             Began as a Gargoyle Fighter on June 2, 2023.
             Slain by Duvessa
             ... wielding a +0 rapier of protection
              (7 damage)
             ... on level 5 of the Dungeon.
             The game lasted 00:01:55 (3437 turns).

qw the Chopper (Gargoyle Fighter)                   Turns: 3437, Time: 00:01:55

Health: -3/49      AC: 23    Str: 22    XL:     8   Next: 21%
Magic:  8/8        EV:  8    Int:  9    God:
Gold:   204        SH:  4    Dex:  9    Spells: 7/7 levels left

rFire   . . .        Y - +0 war axe (protect)
rCold   + . .        c - +0 buckler
rNeg    + . .        j - +0 chain mail
rPois   inf          k - +1 helmet
rElec   +            (no cloak)
rCorr   .            (no gloves)
SInv    .            (no boots)
Will    .....        (no amulet) Stlth
                     a - ring of protection from cold
HPRegen 0.28/turn    (no ring)
MPRegen 0.11/turn

%: no passive effects
@: under a protective aura
A: sickness immunity, AC +5, negative energy resistance 1, electricity
resistance, torment resistance 1, petrification resistance
a: no special abilities


You were on level 5 of the Dungeon.
You visited 1 branch of the dungeon, and saw 5 of its levels.

You collected 204 gold pieces.


Innate Abilities, Weirdness & Mutations

You are immune to sickness and miasma.
Your stone body is resilient. (AC +5)
You are immune to poison.
You resist negative energy. (rN+)
You are resistant to electric shocks. (rElec)
You are resistant to unholy torment.
You are immune to petrification.


   Skills:
 - Level 5.0 Fighting
 + Level 7.9 Axes
 - Level 3.2 Armour
 - Level 1.0 Dodging
 - Level 3.2 Shields


You had 7 spell levels left.
You didn't know any spells.
Your spell library was empty.

Inventory:

Hand Weapons
 b - a +0 flail
 Y - a +0 war axe of protection (weapon)
Armour
 c - a +0 buckler (worn)
 j - a +0 chain mail (worn)
 k - a +1 helmet (worn)
Jewellery
 a - a ring of protection from cold (left hand)
Scrolls
 h - a scroll of identify
Potions
 d - a potion of might
 e - a potion of haste {unknown}
 f - a potion of ambrosia {unknown}
 g - a potion of heal wounds {unknown}
 i - 2 potions of lignification

Dungeon Overview and Level Annotations

Branches:
Dungeon (5/15)
 Temple: D:4-7

Altars:

Annotations:
D:5 Dowan, Duvessa


Message History

You closely miss Dowan. You hit the wraith.
The wraith hits you but does no damage.
The orc wizard casts a spell.
The orc wizard flickers and vanishes!
Deactivating autopickup; reactivate with Ctrl-A.
Dowan hits you but does no damage. Duvessa hits you but does no damage.
You closely miss Duvessa.
Duvessa is moderately wounded.
You barely miss Dowan. You hit the wraith but do no damage.
The wraith barely misses you. Duvessa hits you but does no damage.
You block Dowan's attack.
You slash Duvessa!
Duvessa is heavily wounded.
You closely miss Dowan. You hit the wraith but do no damage.
The wraith hits you but does no damage. Dowan hits you but does no damage.
Duvessa hits you with a +0 rapier of protection!
You hit Duvessa but do no damage.
Duvessa is heavily wounded.
You closely miss Dowan. You hit the wraith but do no damage.
The wraith closely misses you. Dowan hits you but does no damage.
Duvessa hits you with a +0 rapier of protection!
You hit Duvessa.
Duvessa is severely wounded.
You closely miss Dowan. You hit the wraith but do no damage.
You block the wraith's attack. Duvessa hits you but does no damage.
Dowan says, "Magic and the sword, together, will defeat you."
Dowan barely misses you. The wraith hits you!
Dowan points at you and mumbles some strange words.
The puff of flame hits you. Duvessa misses you.
You hit Duvessa but do no damage.
Duvessa is heavily wounded.
You hit the wraith. You hit Dowan but do no damage.
Dowan hits you but does no damage. Duvessa hits you but does no damage.
The wraith hits you but does no damage.
You closely miss Duvessa.
Duvessa is heavily wounded.
You closely miss the wraith. You slash Dowan!
The wraith hits you but does no damage.
Duvessa hits you with a +0 rapier of protection!
You die...

.###### ..
#..... ..#
#..... ...
#....# #.###
#$...#.....#
#....#..?..#
#...eW.?$$..
#..<@#
#...e#
#....#
#.....
#......
#........
#........#
#......[.#
########+#


You could see Duvessa, a wraith and Dowan.

Vanquished Creatures
  Sigmund (D:2)
  A water moccasin (D:3)
  A black bear (D:4)
  3 scorpions
  3 hounds
  A jelly (D:4)
  Jessica (D:3)
  4 iguanas
  3 orc wizards
  Terence (D:2)
  6 adders
  A worm (D:2)
  3 dart slugs
  9 orcs
  4 endoplasms
  2 giant cockroaches (D:1)
  9 goblins
  5 hobgoblins
  A quokka (D:3)
  14 ball pythons
  8 bats
  2 frilled lizards
  5 kobolds
  2 rats
90 creatures vanquished.

Notes
Turn   | Place    | Note
-------+----------+-------------------------------------------
     0 | D:1      | qw the Gargoyle Fighter began the quest for the Orb.
     0 | D:1      | Reached XP level 1. HP: 14/14 MP: 1/1
     0 | D:1      | 0 ||| qw: Version: 0.2-a-102-gdf20003
     0 | D:1      | 0 ||| qw: Game counter: 846
     0 | D:1      | 0 ||| qw: Always use a shield: true
     0 | D:1      | 0 ||| qw: God list: Okawaru
     0 | D:1      | 0 ||| qw: Allow faded altars: false
     0 | D:1      | 0 ||| qw: Do Orc after D:15 true
     0 | D:1      | 0 ||| qw: Do second Lair branch before Depths: true
     0 | D:1      | 0 ||| qw: Lair rune preference: random
     0 | D:1      | 0 ||| qw: Plans: Normal, Zot:1-4, Slime:5, God:TSO, Crypt,
                  | Tomb, Pan, Hells, Abyss, Win
     0 | D:1      | 0 ||| PLANNING D:1-11
    58 | D:1      | Reached skill level 2 in Axes
    94 | D:1      | 94 ||| FLEEEEING.
    95 | D:1      | 95 ||| FLEEEEING.
    96 | D:1      | 96 ||| FLEEEEING.
    97 | D:1      | 97 ||| FLEEEEING.
    98 | D:1      | 98 ||| FLEEEEING.
    99 | D:1      | 99 ||| FLEEEEING.
   117 | D:1      | Reached XP level 2. HP: 14/19 MP: 2/2
   177 | D:1      | 177 ||| Stepping ~*~*~tactically~*~*~ (hiding).
   699 | D:1      | Reached skill level 3 in Axes
   706 | D:1      | Reached XP level 3. HP: 21/23 MP: 3/3
   927 | D:1      | 927 ||| UPGRADING to +0 chain mail.
   937 | D:1      | 937 ||| DROPPING +0 scale mail.
   938 | D:1      | 938 ||| READING scroll labelled LEOJEF IZEH.
   939 | D:1      | 939 ||| READING scroll labelled WIDEADW CAMO.
   940 | D:1      | 940 ||| READING scroll labelled AJANAM VOMPESS.
   968 | D:2      | 968 ||| STAIRDANCE
  1038 | D:2      | Noticed Terence
  1045 | D:2      | Killed Terence
  1050 | D:2      | Reached XP level 4. HP: 27/28 MP: 4/4
  1088 | D:2      | 1088 ||| Stepping ~*~*~tactically~*~*~ (stealth).
  1100 | D:2      | Reached skill level 4 in Axes
  1105 | D:2      | Noticed a scorpion
  1119 | D:2      | Killed a scorpion
  1120 | D:2      | Reached XP level 5. HP: 25/32 MP: 5/5
  1208 | D:2      | Noticed Sigmund
  1209 | D:2      | 1209 ||| Stepping ~*~*~tactically~*~*~ (hiding).
  1220 | D:2      | Killed Sigmund
  1221 | D:2      | Reached skill level 5 in Axes
  1221 | D:2      | Reached XP level 6. HP: 25/37 MP: 6/6
  1585 | D:2      | 1585 ||| UPGRADING to +0 helmet.
  1590 | D:2      | 1590 ||| UPGRADING to +1 helmet.
  1600 | D:2      | 1600 ||| DROPPING +0 helmet.
  1601 | D:2      | 1601 ||| READING scroll labelled QALITZ LAMI.
  1604 | D:2      | 1604 ||| READING scroll labelled CEQA IRACILUO.
  1605 | D:2      | 1605 ||| READING scroll labelled PERIOGRI LOYCK.
  1733 | D:3      | 1733 ||| STAIRDANCE
  1920 | D:3      | Noticed a water moccasin
  1939 | D:3      | Killed a water moccasin
  1940 | D:3      | Reached XP level 7. HP: 37/44 MP: 7/7
  1972 | D:3      | Found a faded altar of an unknown god.
  1973 | D:3      | 1973 ||| Stepping ~*~*~tactically~*~*~ (stealth).
  1993 | D:3      | Reached skill level 6 in Axes
  2159 | D:3      | Reached skill level 1 in Dodging
  2265 | D:3      | Noticed Jessica
  2270 | D:3      | Killed Jessica
  2407 | D:3      | 2407 ||| DROPPING ring of wizardry.
  2408 | D:3      | 2408 ||| READING 2 scrolls labelled EFUSCH HAONAUTE.
  2409 | D:3      | 2409 ||| READING scroll labelled JIS FIENUDGHE.
  2410 | D:3      | 2410 ||| DRINKING 2 clear potions.
  2454 | D:4      | 2454 ||| Stepping ~*~*~tactically~*~*~ (stealth).
  2639 | D:4      | 2639 ||| READING scroll labelled TIORIDI ROILLA.
  2669 | D:4      | 2669 ||| READING scroll labelled FIUTRI LO YSE.
  2684 | D:4      | Reached skill level 7 in Axes
  2693 | D:4      | 2693 ||| Stepping ~*~*~tactically~*~*~ (stealth).
  2831 | D:4      | Reached XP level 8. HP: 49/49 MP: 8/8
  2879 | D:4      | 2879 ||| Stepping ~*~*~tactically~*~*~ (stealth).
  3366 | D:4      | 3366 ||| UPGRADING to ring of protection from cold.
  3401 | D:5      | Entered Level 5 of the Dungeon
  3403 | D:5      | 3403 ||| Stepping ~*~*~tactically~*~*~ (hiding).
  3407 | D:5      | Noticed Dowan
  3411 | D:5      | Noticed Duvessa
  3413 | D:5      | Noticed a wraith
  3435 | D:5      | HP: 6/49 [wraith (10)]
  3437 | D:5      | Slain by Duvessa

Levels and vault maps discovered:
D:1:      matt_arrival_los_fun, layout_basic, item_on_display_a
D:2:      layout_rooms, uniq_sigmund, uniq_terence
D:3:      layout_rooms, nicolae_ecumenical_snake_handling, uniq_jessica
D:4:      layout_cave_pools, serial_co_window_serial,
          co_window_of_opportunity_a, co_window_paths_a, co_window_paths_a,
          co_window_of_opportunity_a, co_window_paths_a,
          co_window_unsneaky_path_e, co_window_2corner, co_window_broadway_b,
          co_window_broadway_c, co_window_broadway_a, co_window_2corner,
          glass_columns_b, glass_columns_a
D:5:      layout_gridville, nicolae_wu_jian_wuxing_cycle,
          minmay_temple_entry_glass, minmay_chambers_of_fives, uniq_duvessa

Skill      XL: |  1  2  3  4  5  6  7 |
---------------+----------------------+-----
Axes           | 2 3 4 5 7 |  7.9
Fighting       | 5 |  5.0
Dodging        | 1 |  1.0
Armour         | |  3.2
Shields        | |  3.2

Action                     |  1- 3 |  4- 6 |  7- 9 || total
---------------------------+-------+-------+-------++-------
  Melee: War axe           |    57 |    98 |   168 ||   323
    Use: Scroll            |     3 |     3 |     4 ||    10
         Potion            |       |       |     1 ||     1
 Armour: Scale mail        |    17 |       |       ||    17
         Chain mail        |     6 |    74 |   150 ||   230
  Dodge: Dodged            |    21 |    55 |    68 ||   144
  Block: Buckler           |     9 |    17 |    31 ||    57

Table legend:
 A = Non-vault XP
 B = Vault XP
 C = Vault XP percentage of total XP
 D = Non-vault monster count
 E = Vault monster count
 F = Vault count percentage of total count
                 A         B        C        D         E       F
            +---------+---------+-------+---------+---------+-------
      Total |    1020 |     426 |  29.5 |      80 |      10 |  11.1
            +---------+---------+-------+---------+---------+-------
        D:1 |      38 |       0 |   0.0 |      20 |       0 |   0.0
        D:2 |     126 |     255 |  66.9 |      13 |       2 |  13.3
        D:3 |     336 |      55 |  14.1 |      20 |       6 |  23.1
        D:4 |     473 |       0 |   0.0 |      22 |       0 |   0.0
        D:5 |      47 |     116 |  71.2 |       5 |       2 |  28.6
            +---------+---------+-------+---------+---------+-------
